Map: Alcyone LE

Players

Applepi - Winner!

  • Race: Zerg Zerg
  • League: Bronze
  • Spawn Location: 1:00

A.I. 1 (Hard)

  • Race: Protoss Protoss
  • Spawn Location: 7:00

VOD

Have the link to the VOD?

Description

Time

  • Played on: May 8, 2025, 5:44 p.m.
  • Length: 12:18
Show
View Real Time Build Order
Export as new Build Order

Applepi Zerg - Winner!

Build Orders: Pool First 

Get SALT Encoding   

  12  0:03  Drone  
  13  0:13  Overlord  
  13  0:17  Drone  
  14  0:32  Drone x2  
  16  0:40  Extractor  
  15  0:47  Drone  
  15  0:49  Spawning Pool  
  15  0:52  Drone  
  16  1:01  Overlord  
  16  1:09  Drone  
  17  1:21  Drone  
  18  1:32  Hatchery  
  17  1:35  Drone  
  18  1:43  Zergling x2  
  19  1:51  Queen  
  21  1:56  Drone  
  22  2:05  Drone  
  23  2:15  Drone  
  24  2:24  Zergling x2  
  24  2:27  Queen  
  27  2:35  Drone  
  28  2:39  Metabolic Boost  
  28  2:47  Drone  
  28  2:48  Drone  
  30  2:53  Queen  
  32  3:00  Drone  
  32  3:03  Drone  
  34  3:09  Overlord  
  34  3:15  Drone x2  
  36  3:20  Lair  
  36  3:29  Queen  
  38  3:35  Roach Warren  
  38  3:38  Drone  
  38  3:39  Drone x3  
  38  3:40  Evolution Chamber  
  40  3:44  Overlord  
  40  3:48  Overlord  
  40  3:56  Drone x2  
  40  3:57  Drone x2  
  44  4:12  Drone  
  45  4:17  Zerg Missile Weapons Level 1  
  45  4:20  Roach x3  
  45  4:21  Roach  
  45  4:22  Roach x2  
  45  4:23  Overlord  
  57  4:27  Overlord  
  57  4:38  Drone x2  
  59  4:39  Drone  
  60  4:48  Drone x2  
  60  4:52  Roach x5  
  72  5:07  Hatchery  
  72  5:08  Drone  
  72  5:09  Extractor  
  71  5:16  Overlord x2  
  71  5:20  Zergling x4  
  73  5:21  Zergling x2  
  73  5:22  Zergling x2  
  73  5:23  Zergling x2  
  76  5:38  Drone x2  
  76  5:39  Drone x3  
  76  5:40  Drone  
  82  5:48  Drone x2  
  82  5:49  Drone  
  85  5:51  Roach  
  87  6:06  Overlord x2  
  87  6:15  Roach x2  
  91  6:25  Overlord x2  
  91  6:27  Queen  
  91  6:30  Roach x2  
  91  6:31  Roach  
  91  6:32  Roach x2  
  103  6:33  Roach x2  
  103  6:34  Roach x2  
  103  6:35  Queen  
  103  6:36  Overlord  
  103  6:37  Overlord  
  113  6:46  Glial Reconstitution  
  113  6:58  Zerg Melee Weapons Level 1  
  113  6:59  Overlord  
  113  7:00  Overlord  
  113  7:02  Roach  
  113  7:03  Queen  
  117  7:27  Roach x5  
  127  7:32  Roach  
  127  7:34  Overlord x2  
  125  7:42  Roach x2  
  124  7:44  Overlord x2  
  124  7:46  Zergling x4  
  124  7:47  Zergling x14  
  124  7:48  Zergling x2  
  126  8:03  Roach  
  126  8:04  Roach x4  
  132  8:06  Zergling x8  
  132  8:15  Zergling x2  
  132  8:16  Zergling x4  
  131  8:27  Roach x5  
  135  8:37  Roach x2  
  122  9:00  Roach x5  
  127  9:05  Extractor  
  123  9:11  Extractor  
  118  9:19  Roach x4  
  111  9:33  Roach x3  
  108  9:51  Roach x4  
  112  9:56  Roach x2  
  100  10:12  Roach x7  
  106  10:36  Roach  
  106  10:37  Roach x5  
  106  10:38  Roach x5  
  122  10:53  Roach  
  122  10:54  Roach x6  
  128  11:06  Roach x2  
  128  11:07  Roach x3  
  138  11:13  Zergling x18  
  147  11:24  Zergling x2  
  147  11:25  Zergling x14  
  153  11:39  Roach x3  
  149  12:00  Zergling x12  
  149  12:01  Zergling x8  
Show
View Real Time Build Order
Export as new Build Order

A.I. 1 (Hard) Protoss 

Build Orders:  

Get SALT Encoding   

  12  0:00  Probe  
  13  0:13  Probe  
  14  0:19  Pylon  
  14  0:25  Probe  
  15  0:33  Probe  
  15  0:41  Probe  
  16  0:47  Assimilator  
  16  0:49  Gateway  
  17  0:51  Probe  
  18  0:59  Pylon  
  18  1:00  Probe  
  19  1:19  Probe  
  20  1:37  Zealot  
  22  1:40  Cybernetics Core  
  22  1:41  Gateway  
  22  1:46  Assimilator  
  22  2:01  Pylon  
  22  2:04  Stalker  
  22  2:14  Warp Gate  
  24  2:30  Zealot  
  26  2:41  Stalker  
  26  2:43  Pylon  
  28  2:55  Stalker  
  30  3:10  Stalker, Probe  
  31  3:19  Pylon  
  33  3:22  Probe  
  33  3:24  Stalker  
  36  3:34  Probe  
  37  3:41  Forge, Adept  
  37  3:46  Probe  
  40  3:59  Probe  
  40  4:01  Stalker  
  43  4:08  Probe  
  44  4:19  Adept  
  45  6:08  Protoss Ground Weapons Level 1  
  45  6:18  Sentry  
  47  6:21  Gateway  
  47  6:23  Twilight Council  
  47  6:27  Pylon, Nexus  
  47  6:28  Photon Cannon  
  47  6:29  Stalker  
  47  6:30  Photon Cannon  
  49  6:33  Robotics Facility  
  49  6:35  Forge  
  49  6:39  Sentry  
  50  6:40  Probe  
  50  6:45  Stargate  
  51  6:52  Sentry  
  53  7:03  Blink  
  53  7:17  Observer  
  54  7:31  Observer  
  54  7:35  Probe  
  55  7:37  Zealot  
  55  7:40  Probe  
  55  7:43  Probe  
  55  7:47  Void Ray  
  55  7:49  Immortal  
  55  7:53  Stalker, Probe  
  51  8:04  Zealot  
  48  8:05  Probe  
  48  8:08  Stalker  
  43  8:17  Zealot  
  43  8:25  Stalker  
  38  8:32  Zealot  
  38  8:34  Pylon  
  43  8:35  Void Ray  
  43  8:40  Probe  
  39  8:44  Zealot  
  39  8:48  Pylon  
  32  9:09  Pylon  
  29  9:11  Probe  
  28  9:28  Cybernetics Core  
  25  9:38  Probe  
  25  9:45  Pylon  
Tags
 
League
Bronze
Matchup
PvZ
Opening
Pool First
Spawn Locations
Cross Positions
Add a new tag
Caveats
  • Supply blocks, unpowered buildings, or Contaminate may cause inaccurate times.
  • Supply counts are checked every 10 seconds.